 Dungeon Crawl Stone Soup version 0.28-a0-1567-g1695149f81 (webtiles) character file.

Game seed: 805877127148302940

557 croobank the Distorting Demonspawn (level 7, -3/60 HPs)
             Began as a Demonspawn Abyssal Knight on Jan 19, 2022.
             Was a Believer of Lugonu.
             Slain by a killer bee (8 damage)
             ... on level 4 of the Dungeon.
             The game lasted 00:24:03 (4690 turns).

croobank the Distorting Demonspawn (DsAK)           Turns: 4690, Time: 00:24:03

Health: -3/60      AC:  9    Str: 14      XL:     7   Next: 9%
Magic:  10/10      EV: 12    Int: 13      God:    Lugonu [**....]
Gold:   164        SH:  0    Dex: 12 (13) Spells: 6/6 levels left

rFire   . . .      SeeInvis .   a - +2 hand axe
rCold   + . .      Faith    .   (no shield)
rNeg    . . .      Spirit   .   b - +0 leather armour
rPois   .          Reflect  .   j - +2 helmet
rElec   .          Harm     .   (no cloak)
rCorr   .          Rampage  .   q - +2 pair of gloves
Will    .....                   (no boots)
Stlth   +.........              (no amulet)
HPRegen 1.20/turn               h - ring of protection from cold
MPRegen 0.12/turn               (no ring)

@: lethally poisoned (-3 -> -4), about to teleport
A: foul stench 1, powered by death 1, robust 1
a: Renounce Religion, Depart the Abyss, Bend Space


You were on level 4 of the Dungeon.
You worshipped Lugonu.
Lugonu was pleased with you.
You visited 1 branch of the dungeon, and saw 4 of its levels.
You visited the Abyss 1 time.
You also visited: Sewer.

You collected 164 gold pieces.

Inventory:

Hand Weapons
 a - a +2 hand axe (weapon)
 m - the +6 dagger of Undoing {freeze, Fly}
   (You found it on level 4 of the Dungeon)

   It freezes those it strikes, dealing additional cold damage.
   It can also slow down cold-blooded creatures.
   Fly:       It grants you flight.
Missiles
 c - 4 javelins
 d - 59 arrows
 l - 5 boomerangs (quivered)
 n - 12 sling bullets
Armour
 b - a +0 leather armour (worn)
 j - a +2 helmet (worn)
 q - a +2 pair of gloves (worn)
Magical Staves
 i - a staff of conjuration
Jewellery
 h - a ring of protection from cold (left hand)
Scrolls
 f - a scroll of fog {unknown}
 o - a scroll of silence {unknown}
 p - a scroll of vulnerability {unknown}
Potions
 g - 2 potions of mutation
 k - 3 potions of flight


   Skills:
 + Level 4.4 Fighting
 * Level 1.1 Short Blades
 + Level 3.4 Axes
 + Level 3.4 Armour
 + Level 3.0 Dodging
 + Level 4.9 Invocations


You had 6 spell levels left.
You didn't know any spells.
Your spell library contained the following spells:

 Spells                   Type           Power      Damage    Failure   Level
 Sublimation of Blood     Necr           0%         N/A       50%         2
 Frozen Ramparts          Ice            0%         1d2       75%         3
 Ice Form                 Ice/Tmut       0%         N/A       98%         4
 Petrify                  Tmut/Erth      0%         N/A       98%         4
 Summon Ice Beast         Ice/Summ       0%         N/A       98%         4
 Irradiate                Conj/Tmut      0%         3d13      100%        5


Dungeon Overview and Level Annotations

Branches:
Dungeon (4/15)              Sewer (visited)
 Temple: D:4-7

Altars:
Ashenzari


Innate Abilities, Weirdness & Mutations

You may rarely emit foul miasma when damaged in melee.
You regenerate a little health from kills.
You are robust. (+10% HP)


Message History

You miss the killer bee.
The killer bee is heavily wounded.
The killer bee stings you. x2
You are poisoned.
The killer bee poisons you! The killer bee closely misses you.
You hit the killer bee but do no damage.
The killer bee is heavily wounded.
You hit the killer bee.
You feel sick. The killer bee closely misses you. x2
The killer bee barely misses you. x2
You closely miss the killer bee.
The killer bee is moderately wounded.
You hit the killer bee.
You feel sick.
The killer bee stings you but does no damage.
The killer bee barely misses you. The killer bee stings you.
* * * LOW HITPOINT WARNING * * *
You are more poisoned.
The killer bee poisons you!
You emit a cloud of foul miasma!
The killer bee stings you but does no damage.
As you read the scroll of teleportation, it crumbles to dust.
You feel strangely unstable.
* * * LOW HITPOINT WARNING * * *
You feel very sick.
The killer bee is engulfed in dark miasma.
The killer bee is poisoned.
The killer bee seems to slow down.
The killer bee stings you but does no damage.
The killer bee stings you.
* * * LOW HITPOINT WARNING * * *
The killer bee is engulfed in dark miasma.
The killer bee looks even sicker.
You kill the killer bee!
Lugonu accepts your kill. The killer bee closely misses you.
Your Short Blades skill increases to level 1!
Your Dodging skill increases to level 3!
You hit the killer bee.
The killer bee is moderately wounded.
You feel very sick.
The killer bee stings you but does no damage.
The killer bee stings you!
You die...

.....#......###########≈≈.≈).≈.≈.
.###.#.###.## *,########.≈.
.......# #^# *,,**#######.
.......# #.# *,,,,........
.......# #.# *,,,,..#####.
.......# #.# *,,,,,,,,,,#.
.......# #.# **,,,,,***,#.
.......###.######### *,,,,** *,#.
.......#.......y@○y# *,*,*****,..
.##........>..####.# *<,,* *,,,.#
..,........##.# *.# **,,* *,*,.*
##*.####.####.# *y# *,,* *,**,*
*,* #.* #.# *y# *,,* *,**,* *,*
#.* #.#***y#***,,***,**,* *,* #.*
#..,,,..,,,,,,,,,,,,* *,*
*,***###**,..***,,,,,,,,,, *,*
*,,,,,,,,,,*,,,,,,,,,,****


You could see 2 killer bees.

Vanquished Creatures
  A bullfrog (D:4)
  A scorpion (D:4)
  3 killer bees (D:4)
  A centaur zombie (D:4)
  2 hounds
  An iguana (D:4)
  7 adders
  5 river rats (Sewer)
  A dart slug (D:1)
  7 bats
  3 endoplasms
  6 giant cockroaches
  6 goblins
  A hobgoblin (D:4)
  6 jackals
  10 quokkas
  6 ball pythons
  6 frilled lizards
  4 kobolds
  2 rats
79 creatures vanquished.

Vanquished Creatures (others)
  A plant (D:2)
1 creature vanquished.

Grand Total: 80 creatures vanquished

Notes
Turn   | Place    | Note
-------+----------+-------------------------------------------
     0 | Abyss:1  | croobank the Demonspawn Abyssal Knight began the quest for
                  | the Orb.
     0 | Abyss:1  | Reached XP level 1. HP: 18/18 MP: 2/2
    66 | Abyss:1  | Noticed a small abomination
    71 | Abyss:1  | Noticed a ynoxinul
    81 | D:1      | Escaped the Abyss
   150 | D:1      | Reached skill level 1 in Dodging
   296 | D:1      | Gained mutation: You regenerate a little health from kills.
                  | [demonic ancestry]
   296 | D:1      | Reached XP level 2. HP: 24/24 MP: 4/4
   553 | D:1      | Reached * piety under Lugonu
   623 | D:1      | Found a faded altar of an unknown god.
  1088 | D:2      | Found a broken altar of Ashenzari.
  1117 | D:2      | Gained mutation: You are robust. (+10% HP) [potion of
                  | mutation]
  1122 | D:2      | HP: 1/26 [poisoned by an adder]
  1678 | D:2      | Reached XP level 3. HP: 19/31 MP: 5/5
  2763 | D:3      | Gained mutation: You may rarely emit foul miasma when
                  | damaged in melee. [demonic ancestry]
  2763 | D:3      | Reached XP level 4. HP: 23/38 MP: 6/6
  3057 | D:4      | Noticed a bullfrog
  3070 | D:4      | Killed a bullfrog
  3071 | D:4      | Reached XP level 5. HP: 32/46 MP: 7/7
  3119 | D:4      | Found a glowing drain.
  3146 | Sewer    | Entered a sewer
  3519 | Sewer    | HP: 2/46 [river rat (3)]
  3985 | D:4      | Reached ** piety under Lugonu
  3986 | D:4      | Reached XP level 6. HP: 26/52 MP: 9/9
  4633 | D:4      | Identified the +6 dagger of Undoing {freeze, Fly}
  4680 | D:4      | Reached XP level 7. HP: 29/60 MP: 10/10
  4690 | D:4      | Reached skill level 1 in Short Blades
  4690 | D:4      | Slain by a killer bee

Illustrated notes

Levels and vault maps discovered:
D:1:      dpeg_arrival_castle, layout_basic,
          shapermc_ecumenical_altar_mp_urbaneastern
D:2:      cheibrodos_old_hovel, layout_basic, basic_altar, minivault_25,
          serial_bayou_lagoon_b
D:3:      layout_basic
D:4:      layout_loops_ring, gup_sewer_entry_pipe

Skill      XL: |  1  2  3  4  5  6  7 |
---------------+----------------------+-----
Dodging        | 1 2 3 |  3.0
Axes           | 2 3 |  3.4
Armour         | 2 3 |  3.4
Invocations    | 3 4 |  4.9
Fighting       | 4 |  4.4
Short Blades   | 1 |  1.1

Action                   |  1- 3 |  4- 6 |  7- 9 || total
-------------------------+-------+-------+-------++-------
Melee: Hand axe          |    91 |   222 |    10 ||   323
       Punch             |     1 |     2 |       ||     3
Throw: Boomerang         |     3 |       |       ||     3
Invok: Depart the Abyss  |     1 |       |       ||     1
  Use: Scroll            |     2 |    12 |     1 ||    15
       Potion            |     1 |     3 |       ||     4
Armor: Leather armour    |    35 |   114 |     7 ||   156
Dodge: Dodged            |    66 |   189 |    17 ||   272

Table legend: (Time is in decaauts)
 A = Elapsed time spent in this place.
 B = Non-inter-level travel time spent in this place.
 C = Inter-level travel time spent in this place.
 D = Time resting spent in this place.
 E = Time spent auto-exploring this place.
 F = Levels seen in this place.
 G = Mean time per level.
                   A        B        C        D        E       F      G
               +--------+--------+--------+--------+--------+-----+--------+
         Total |   4869 |   4766 |    103 |    738 |   2946 |   6 |  811.5 |
       Dungeon |   3851 |   3748 |    103 |    309 |   2722 |   4 |  962.8 |
         Abyss |     81 |     81 |      0 |      0 |     66 |   1 |   81.0 |
         Sewer |    937 |    937 |      0 |    429 |    158 |   1 |  937.0 |
               +--------+--------+--------+--------+--------+-----+--------+

Top non-repeatable levels by time:
     D:2: 1224 daAuts
   Sewer: 937 daAuts
     D:4: 918 daAuts
     D:1: 883 daAuts
     D:3: 824 daAuts
 Abyss:1: 81 daAuts
